 Dungeon Crawl Stone Soup version 0.12.2-35-g1c9f977 (webtiles) character file.

138 HoboGoblin the Slasher (level 3, 0/25 HPs)
             Began as a High Elf Gladiator on Sept 14, 2013.
             Slain by a gnoll
             ... wielding a +4,+0 spear of pain
              (5 damage)
             ... on Level 2 of the Dungeon.
             The game lasted 00:03:35 (1855 turns).

HoboGoblin the Slasher (High Elf Gladiator)         Turns: 1855, Time: 00:03:35

HP   0/25        AC  4     Str 14      XL: 3   Next: 60%
MP   4/4         EV 12     Int 12      God:
Gold 86          SH  9     Dex 16      Spells:  0 memorised,  2 levels left

Res.Fire  : . . .   See Invis. : .   a - +0 elf falchion
Res.Cold  : . . .   Warding    : .   b - +0 elf leather armour
Life Prot.: . . .   Conserve   : .   w - +2 buckler
Res.Poison: .       Res.Corr.  : .   c - +0 helmet
Res.Elec. : .       Clarity    : .   (no cloak)
Sust.Abil.: . .     Spirit.Shd : .   (no gloves)
Res.Mut.  : .       Stasis     : .   (no boots)
Res.Rott. : .       Ctrl.Telep.: .   (no amulet)
Saprovore : . . .   Flight     : .   (no ring)
                                     (no ring)

@: slightly resistant to hostile enchantments, unstealthy
A: no striking features
a: no special abilities


You were on level 2 of the Dungeon.
You were very hungry.

You visited 1 branch of the dungeon, and saw 2 of its levels.

You collected 66 gold pieces.

Inventory:

Hand weapons
 a - a +0,+0 elven falchion (weapon)
Missiles
 d - 3 throwing nets (quivered)
 x - 6 javelins
Armour
 b - a +0 elven leather armour (worn)
 c - a +0 helmet (worn)
 w - a +2 buckler (worn)
Comestibles
 f - 3 bread rations
 h - a sausage
 q - a pear
 u - a meat ration
Scrolls
 g - a scroll of blinking {unknown}
 i - a scroll of noise {unknown}
 j - a scroll of enchant weapon I {unknown}
 m - a scroll of amnesia {unknown}
 n - 2 scrolls of remove curse {unknown}
 p - a scroll of curse jewellery {unknown}
Potions
 e - 2 potions of paralysis {unknown}
 k - a potion of might {unknown}
 l - 2 potions of heal wounds {unknown}
 o - a potion of blood {unknown}
 s - a potion of curing {unknown}
 v - a potion of poison {unknown}
Books
 r - a book of the Earth

   Spells                             Type                      Level
   Dig                                Earth                        4
   Leda's Liquefaction                Hexes/Earth                  4
   Bolt of Magma                      Conjuration/Fire/Earth       5
   Statue Form                        Transmutation/Earth          6
   Iron Shot                          Conjuration/Earth            6
   Shatter                            Earth                        9


   Skills:
 + Level 2.2 Fighting
 * Level 4.9 Long Blades
 - Level 2.1 Throwing
 + Level 3.8 Dodging


You had 2 spell levels left.
You didn't know any spells.

Dungeon Overview and Level Annotations

Branches:
Dungeon (2/27)

Altars:


Message History

There is a stone staircase leading up here.
You see here a dart.
The gnoll misses you. The gnoll hits you with a flail.
* * * LOW HITPOINT WARNING * * *
You are feeling very hungry.
You are too injured to fight recklessly!
You are too injured to fight recklessly!
You are too injured to fight recklessly!
You are too injured to fight recklessly!
You are too injured to fight recklessly!
You hit the gnoll.
The gnoll is lightly wounded.
The giant newt closely misses you. The gnoll barely misses you.
The gnoll hits you with a flail.
* * * LOW HITPOINT WARNING * * *
You barely miss the gnoll.
The gnoll is lightly wounded.
The giant newt bites you but does no damage.
The gnoll hits you from afar with a spear of pain.
You die...

.............................#..#
................................#
................................#
...........(...........)........#
.............................#..#
............>((..............#..#
................gK<..............
................gl.....(.........
................@g...............
..............#..g...............
.................................
.........................#...#..#
.................................
.................................
.............................#..#
.............................#..#
............................##..#


You could see 3 gnolls, a goblin, a kobold and a giant newt.

Vanquished Creatures
  A gnoll (D:1)
  A worm (D:2)
  A giant gecko (D:1)
  An ooze (D:1)
  2 ball pythons
  7 goblins
  4 hobgoblins (D:1)
  3 kobolds (D:1)
  A quokka (D:1)
  5 bats
  3 giant cockroaches
  2 giant newts
  4 rats (D:1)
35 creatures vanquished.

Notes
Turn   | Place    | Note
--------------------------------------------------------------
     0 | D:1      | HoboGoblin, the High Elf Gladiator, began the quest for the Orb.
     0 | D:1      | Reached XP level 1. HP: 15/15 MP: 1/1
   141 | D:1      | Reached skill level 4 in Long Blades
   145 | D:1      | Reached XP level 2. HP: 9/20 MP: 2/2
   971 | D:2      | Reached XP level 3. HP: 21/25 MP: 4/4
  1855 | D:2      | Slain by a gnoll

Action                   || total
-------------------------++-------
Melee: Falchion          ||   116
 Stab: Sleeping          ||     2
